Ice Dragons vs Knights
Created - November 18, 2020 at 19:54
Goals
|
| Ice Dragons |
1 |
2 |
2 |
5 |
| Knights |
2 |
1 |
3 |
6 |
|
Shots
|
| Ice Dragons |
6 |
13 |
19 |
38 |
| Knights |
8 |
9 |
19 |
36 |
|
1st period
1. Ice Dragons , Emil Pettersson 2 (Logan MacMillan 7, Jerome Gauthier-Leduc 3) at 2:54
2. Knights , Vladislav Gavrikov 1 (Vince Hinostroza 5, Miro Aaltonen 6) at 4:05 (PP)
3. Knights , Josh Bailey 7 (Jordan Martinook 6, Robert Hagg 2) at 4:56
Penalties :
Alex Plante (Kin) for Delaying the game (Minor) at 3:31
2nd period
4. Ice Dragons , Jordan LaVallee 13 (Corban Knight 14, Kevin Connauton 11) at 5:59
5. Knights , Nathan Walker 6 (Troy Stetcher 7, Robert Hagg 3) at 6:46
6. Ice Dragons , Zach Trotman 3 (Kevin Connauton 12) at 18:43 (PP)
Penalties :
Troy Stetcher (Lon) for Roughing (Minor) at 0:08, Zach Trotman (Kin) for Tripping (Minor) at 8:05, Ludwig Bystrom (Lon) for Roughing (Minor) at 17:08
3rd period
7. Ice Dragons , Billy Sweat 7 (David Shields 1, Sam Carrick 5) at 2:10 (SH)
8. Ice Dragons , Justin Shugg 2 (Billy Sweat 9, Jerome Gauthier-Leduc 4) at 15:50
9. Knights , Josh Bailey 8 (Dominik Kahun 7, Jordan Martinook 7) at 18:53
10. Knights , Nikolaj Ehlers 9 (Miro Aaltonen 7) at 19:08
11. Knights , Jordan Martinook 5 (Troy Stetcher 8, Dominik Kahun 8) at 19:27
Penalties :
Emil Pettersson (Kin) for Hooking (Minor) at 1:08, Linden Vey (Lon) for Holding (Minor) at 11:55
Goalie Stats
Chet Pickard (Kin), 30 saves from 36 shots - (0.833), L, 6-4-1, 59:47 minutes
Elvis Merzlikins (Lon), 33 saves from 38 shots - (0.868), W, 6-3-0, 59:56 minutes
Players Stats for Ice Dragons
Player Name G A P +/- PIM S H SB GA TA FO MP PP MP PK MP
------------------------------------------------------------------------------------
Adam Clendening 0 0 0 0 0 1 0 2 0 1 0/0 19:03 2:16 0:37
Alex Plante 0 0 0 1 2 3 2 2 0 2 0/0 18:52 2:16 0:23
Billy Sweat 1 1 2 2 0 6 3 0 0 0 0/0 16:57 2:59 0:55
Brandon Kozun 0 0 0 -1 0 2 0 1 0 0 0/2 19:49 2:34 0:00
Chris Wagner 0 0 0 -1 0 3 3 1 0 0 0/0 12:05 0:00 0:00
Corban Knight 0 1 1 -1 0 5 3 0 0 1 18/38 23:09 2:34 3:14
David Shields 0 1 1 0 0 1 1 1 0 2 0/0 12:26 0:00 1:45
Emil Pettersson 1 0 1 -1 2 3 0 0 1 0 2/4 12:31 0:00 0:24
Jerome Gauthier-Leduc 0 2 2 -1 0 0 0 2 0 0 0/0 11:21 0:00 0:37
Jordan LaVallee 1 0 1 -1 0 4 1 1 1 0 3/3 23:05 2:34 3:16
Juho Lammikko 0 0 0 -1 0 1 0 0 0 0 0/1 7:26 0:00 0:00
Justin Shugg 1 0 1 1 0 2 0 0 0 0 0/0 15:59 2:59 0:00
Kevin Connauton 0 2 2 -1 0 0 2 2 3 4 0/0 29:53 3:17 3:32
Logan MacMillan 0 1 1 -1 0 1 0 0 0 0 1/2 12:05 0:00 0:00
Sam Carrick 0 1 1 2 0 2 4 0 1 0 6/12 16:57 2:59 0:55
Theodor Blueger 0 0 0 -1 0 2 0 0 0 0 1/1 7:34 0:00 0:08
William Carrier 0 0 0 -1 0 1 1 0 1 0 0/0 7:44 0:00 0:12
Zach Trotman 1 0 1 -1 2 1 2 2 0 2 0/0 28:29 3:17 2:10
Players Stats for Knights
Player Name G A P +/- PIM S H SB GA TA FO MP PP MP PK MP
------------------------------------------------------------------------------------
Alexandre Carrier 0 0 0 -1 0 2 0 0 0 0 0/0 11:14 0:00 0:00
Brendan Gaunce 0 0 0 -1 0 4 0 1 0 1 6/13 16:41 1:58 0:51
Dominik Kahun 0 2 2 2 0 4 1 0 0 0 3/6 11:49 0:00 0:00
Dwight King 0 0 0 -1 0 3 3 0 2 0 2/2 18:00 1:58 1:35
Jordan Martinook 1 2 3 2 0 1 0 0 2 0 0/0 12:34 0:00 0:45
Josh Bailey 2 0 2 2 0 3 1 2 0 0 0/0 13:27 0:00 1:35
Linden Vey 0 0 0 -1 2 2 0 1 0 0 2/2 15:52 1:58 0:00
Ludwig Bystrom 0 0 0 -1 2 1 2 0 0 0 0/0 16:55 1:52 1:52
Miro Aaltonen 0 2 2 -1 0 1 0 0 2 0 15/32 21:36 2:34 3:07
Nathan Walker 1 0 1 1 0 3 0 0 0 0 0/1 8:16 0:00 0:00
Nicolas Petan 0 0 0 1 0 1 1 0 1 0 2/4 8:16 0:00 0:00
Nikolaj Ehlers 1 0 1 -1 0 2 1 0 2 0 2/2 17:57 2:34 0:00
Nikolay Goldobin 0 0 0 1 0 1 0 0 1 0 0/0 8:16 0:00 0:00
Robert Hagg 0 2 2 2 0 2 2 0 0 1 0/0 23:51 0:00 2:56
Tony DeAngelo 0 0 0 1 0 2 1 0 0 1 0/0 22:18 2:40 2:37
Troy Stetcher 0 2 2 1 2 1 1 2 0 2 0/0 24:37 2:40 0:45
Vince Hinostroza 0 1 1 -1 0 1 3 1 1 1 0/1 21:42 2:34 3:13
Vladislav Gavrikov 1 0 1 0 0 2 1 0 1 1 0/0 21:03 1:52 2:56
3 Stars
1 - Josh Bailey (Lon)
2 - Jordan Martinook (Lon)
3 - Billy Sweat (Kin)
Power Play
Ice Dragons - 1 on 3 Attempt(s) - 33.33%
Knights - 1 on 3 Attempt(s) - 33.33%
Penalty Kill
Ice Dragons - 2 on 3 Attempt(s) - 66.67%
- Score 1 goal in Penalty Kill
Knights - 2 on 3 Attempt(s) - 66.67%
- Score 0 goal in Penalty Kill
Team Stat
Ice Dragons - Hits : 22 - Faceoff Wins : 31 - Blocked Shots : 14 - Penalty Minutes : 6
Knights - Hits : 17 - Faceoff Wins : 32 - Blocked Shots : 7 - Penalty Minutes : 6
Official
Referees : Unknown
Linesman : Unknown
Game Notes
No Game Note
Finance
Level 1 -- Attendance: 1972 (98.60%) -- Ticket Income $49,300
Level 2 -- Attendance: 1000 (100.00%) -- Ticket Income $13,000
Total Attendance: 2972 (99.07%)
Total Ticket Income: $62,300
Other Income: $3,115
Total Income: $65,415
Ice Dragons
5 vs 5 Forward
Center Left Wing Right Wing Time % Phy DF OF
1 Corban Knight Jordan LaVallee Brandon Kozun 40 1 2 2
2 Sam Carrick Billy Sweat Justin Shugg 30 1 2 2
3 Emil Pettersson Logan MacMillan Chris Wagner 20 1 2 2
4 Theodor Blueger William Carrier Juho Lammikko 10 1 2 2
5 vs 5 Defense
Defense Defense Time % Phy DF OF
1 Kevin Connauton Zach Trotman 40 1 2 2
2 Adam Clendening Alex Plante 30 1 2 2
3 Jerome Gauthier-Leduc David Shields 20 1 2 2
4 Kevin Connauton Zach Trotman 10 1 2 2
PowerPlay Forward
Center Left Wing Right Wing Time % Phy DF OF
1 Corban Knight Jordan LaVallee Brandon Kozun 60 1 2 2
2 Sam Carrick Billy Sweat Justin Shugg 40 1 2 2
PowerPlay Defense
Defense Defense Time % Phy DF OF
1 Kevin Connauton Zach Trotman 60 1 2 2
2 Adam Clendening Alex Plante 40 1 2 2
Penalty Kill 4 Players Forward
Center Wing Time % Phy DF OF
1 Corban Knight Jordan LaVallee 60 1 2 2
2 Billy Sweat Sam Carrick 40 1 2 2
Penalty Kill 4 Players Defense
Defense Defense Time % Phy DF OF
1 Kevin Connauton Zach Trotman 60 1 2 2
2 David Shields Alex Plante 40 1 2 2
Penalty Kill - 3 Players Forward
Forward Time % Phy DF OF
1 Corban Knight 60 1 2 2
2 Jordan LaVallee 40 1 2 2
Penalty Kill - 3 Players Defense
Defense Defense Time % Phy DF OF
1 Kevin Connauton Zach Trotman 60 1 2 2
2 David Shields Alex Plante 40 1 2 2
4 vs 4 Forward
Center Wing Time % Phy DF OF
1 Corban Knight Jordan LaVallee 60 1 2 2
2 Billy Sweat Sam Carrick 40 1 2 2
4 vs 4 Defense
Defense Defense Time % Phy DF OF
1 Kevin Connauton Zach Trotman 60 1 2 2
2 David Shields Alex Plante 40 1 2 2
Last Minutes Offensive
Center Left Wing Right Wing Defense Defense
Corban Knight Jordan LaVallee Brandon Kozun Kevin Connauton Zach Trotman
Last Minutes Defensive
Center Left Wing Right Wing Defense Defense
Corban Knight Jordan LaVallee Brandon Kozun Kevin Connauton Zach Trotman
Goaltenders
Starting : Chet Pickard
Backup : Joacim Eriksson
Extra Forwards
Normal : Logan MacMillan, William Carrier, Emil Pettersson - PP : Logan MacMillan, William Carrier - PK : Emil Pettersson
Extra Defensemen
Normal : Jerome Gauthier-Leduc, David Shields, Kevin Connauton - PP : Jerome Gauthier-Leduc - PK : David Shields, Kevin Connauton
Penalty Shots
Corban Knight, Jordan LaVallee, Billy Sweat, Sam Carrick, Logan MacMillan
Scratches
Thomas Gobeil (Healthy), Alex Henriksson (Healthy), Cole Ully (Healthy), Mario Lucia (Healthy), Phil Di Giuseppe (Healthy)
Robin Norell (Upper Body Injury), Samuel Groulx (Bruised Left Leg Injury), Oscar Dansk (Healthy)
Knights
5 vs 5 Forward
Center Left Wing Right Wing Time % Phy DF OF
1 Miro Aaltonen Nikolaj Ehlers Vince Hinostroza 37 1 2 2
2 Brendan Gaunce Dwight King Linden Vey 33 1 2 2
3 Dominik Kahun Jordan Martinook Josh Bailey 20 1 2 2
4 Nicolas Petan Nathan Walker Nikolay Goldobin 10 1 2 2
5 vs 5 Defense
Defense Defense Time % Phy DF OF
1 Robert Hagg Troy Stetcher 40 1 3 1
2 Vladislav Gavrikov Tony DeAngelo 30 1 3 1
3 Ludwig Bystrom Alexandre Carrier 20 1 2 2
4 Ludwig Bystrom Tony DeAngelo 10 1 2 2
PowerPlay Forward
Center Left Wing Right Wing Time % Phy DF OF
1 Miro Aaltonen Nikolaj Ehlers Vince Hinostroza 60 0 1 4
2 Brendan Gaunce Dwight King Linden Vey 40 0 1 4
PowerPlay Defense
Defense Defense Time % Phy DF OF
1 Tony DeAngelo Troy Stetcher 60 0 1 4
2 Ludwig Bystrom Vladislav Gavrikov 40 0 1 4
Penalty Kill 4 Players Forward
Center Wing Time % Phy DF OF
1 Miro Aaltonen Vince Hinostroza 60 1 3 1
2 Josh Bailey Dwight King 40 1 3 1
Penalty Kill 4 Players Defense
Defense Defense Time % Phy DF OF
1 Robert Hagg Vladislav Gavrikov 60 1 3 1
2 Tony DeAngelo Ludwig Bystrom 40 1 3 1
Penalty Kill - 3 Players Forward
Forward Time % Phy DF OF
1 Josh Bailey 60 0 4 1
2 Vince Hinostroza 40 0 4 1
Penalty Kill - 3 Players Defense
Defense Defense Time % Phy DF OF
1 Robert Hagg Vladislav Gavrikov 60 1 3 1
2 Tony DeAngelo Ludwig Bystrom 40 1 3 1
4 vs 4 Forward
Center Wing Time % Phy DF OF
1 Nikolaj Ehlers Vince Hinostroza 60 1 2 2
2 Brendan Gaunce Dwight King 40 1 2 2
4 vs 4 Defense
Defense Defense Time % Phy DF OF
1 Vladislav Gavrikov Troy Stetcher 60 1 2 2
2 Tony DeAngelo Ludwig Bystrom 40 1 2 2
Last Minutes Offensive
Center Left Wing Right Wing Defense Defense
Miro Aaltonen Nikolaj Ehlers Vince Hinostroza Tony DeAngelo Troy Stetcher
Last Minutes Defensive
Center Left Wing Right Wing Defense Defense
Miro Aaltonen Dwight King Vince Hinostroza Robert Hagg Vladislav Gavrikov
Goaltenders
Starting : Elvis Merzlikins
Backup : Magnus Hellberg
Extra Forwards
Normal : Dwight King, Linden Vey, Vince Hinostroza - PP : Linden Vey, Vince Hinostroza - PK : Vince Hinostroza
Extra Defensemen
Normal : Tony DeAngelo, Troy Stetcher, Ludwig Bystrom - PP : Tony DeAngelo - PK : Ludwig Bystrom, Tony DeAngelo
Penalty Shots
Nathan Walker, Dwight King, Nikolaj Ehlers, Linden Vey, Vince Hinostroza
Scratches
John Marino (Healthy), Nicklas Jensen (Healthy), Jeremy Bracco (Healthy), Mitchell Stephens (Healthy), Sami Niku (Healthy)
Alan Quine (Healthy), Matthew Benning (Healthy), Scott Wilson (Healthy), David Kase (Healthy), Mackenzie MacEachern (Healthy)
Martin Frk (Healthy), Curtis Lazar (Healthy), Jeff Petry (Healthy), Jayce Hawryluk (Healthy), Oskar Lindblom (Healthy)
Ryan Collins (Healthy), William Lagesson (Healthy), Joey Daccord (Healthy), Philippe Desrosiers (Healthy)
% Time on Ice - Ice Dragons
Lines # - Real PCT - Wanted PCT - Time Play
Normal Forward
1 - 34% - 40% - 16:34
2 - 27% - 30% - 13:03
3 - 25% - 20% - 12:05
4 - 15% - 10% - 7:26
Normal Defense
1 - 41% - 40% - 19:55
2 - 33% - 30% - 16:14
3 - 22% - 20% - 10:38
4 - 5% - 10% - 2:21
PP Forward
1 - 46% - 60% - 2:34
2 - 54% - 40% - 2:59
PP Defense
1 - 59% - 60% - 3:17
2 - 41% - 40% - 2:16
PK Forward
1 - 80% - 60% - 3:37
2 - 20% - 40% - 0:55
PK Defense
1 - 92% - 60% - 4:09
2 - 8% - 40% - 0:23
PK3 Forward
1 - 0% - 60%
2 - 0% - 40%
PK3 Defense
1 - 0% - 60%
2 - 0% - 40%
44 Forward
1 - 0% - 60%
2 - 0% - 40%
44 Defense
1 - 0% - 60%
2 - 0% - 40%
Last Minute Offensive - 0:32
Last Minute Defensive - 0:15
Total
Forward - 60:00
Defense - 60:00
|
% Time on Ice - Knights
Lines # - Real PCT - Wanted PCT - Time Play
Normal Forward
1 - 31% - 37% - 15:08
2 - 28% - 33% - 13:55
3 - 24% - 20% - 11:49
4 - 17% - 10% - 8:16
Normal Defense
1 - 42% - 40% - 20:26
2 - 31% - 30% - 15:17
3 - 20% - 20% - 9:44
4 - 7% - 10% - 3:41
PP Forward
1 - 57% - 60% - 2:34
2 - 43% - 40% - 1:58
PP Defense
1 - 59% - 60% - 2:40
2 - 41% - 40% - 1:52
PK Forward
1 - 71% - 60% - 3:58
2 - 29% - 40% - 1:35
PK Defense
1 - 53% - 60% - 2:56
2 - 47% - 40% - 2:37
PK3 Forward
1 - 0% - 60%
2 - 0% - 40%
PK3 Defense
1 - 0% - 60%
2 - 0% - 40%
44 Forward
1 - 0% - 60%
2 - 0% - 40%
44 Defense
1 - 0% - 60%
2 - 0% - 40%
Last Minute Offensive - 0:15
Last Minute Defensive - 0:32
Total
Forward - 60:00
Defense - 60:00
|
Play-by-Play
1st period
0:01 of 1st period - Corban Knight wins face-off versus Miro Aaltonen in neutral zone.
0:15 of 1st period - Snap shot by Miro Aaltonen.
0:15 of 1st period - Shot Misses the Net.
0:27 of 1st period - Brendan Gaunce is hit by Sam Carrick and loses puck.
0:50 of 1st period - Snap shot by Dominik Kahun.
0:50 of 1st period - Stopped by Chet Pickard with a rebound.
0:52 of 1st period - Snap shot by Dominik Kahun.
0:52 of 1st period - Shot Misses the Net.
1:01 of 1st period - Icing by Kevin Connauton.
1:02 of 1st period - Nicolas Petan wins face-off versus Juho Lammikko in Ice Dragons zone.
2:19 of 1st period - Wrist shot by Nikolaj Ehlers.
2:19 of 1st period - Shot Blocked by Jerome Gauthier-Leduc.
2:37 of 1st period - Wrist shot by Emil Pettersson.
2:37 of 1st period - Deflect By Chris Wagner.
2:37 of 1st period - Stopped by Elvis Merzlikins with a rebound.
2:54 of 1st period - Snap shot by Logan MacMillan.
2:54 of 1st period - Deflect By Emil Pettersson.
2:54 of 1st period - Goal by Emil Pettersson - Ice Dragons : 1 - Knights : 0.
2:55 of 1st period - Brendan Gaunce wins face-off versus Sam Carrick in neutral zone.
3:04 of 1st period - Snap shot by Linden Vey.
3:04 of 1st period - Stopped by Chet Pickard without a rebound.
3:05 of 1st period - Brendan Gaunce wins face-off versus Sam Carrick in Ice Dragons zone.
3:31 of 1st period - Minor Penalty to Alex Plante for Delaying the game.
3:32 of 1st period - Corban Knight wins face-off versus Brendan Gaunce in Ice Dragons zone.
3:57 of 1st period - Wrist shot by Miro Aaltonen.
3:57 of 1st period - Shot Blocked by Kevin Connauton.
3:59 of 1st period - Wrist shot by Miro Aaltonen.
3:59 of 1st period - Shot Misses the Net.
4:01 of 1st period - Slapshot by Vladislav Gavrikov.
4:01 of 1st period - Stopped by Chet Pickard with a rebound.
4:03 of 1st period - Backhand shot by Vince Hinostroza.
4:03 of 1st period - Shot Blocked by Jordan LaVallee.
4:05 of 1st period - Wrist shot by Vladislav Gavrikov.
4:05 of 1st period - Goal by Vladislav Gavrikov - Ice Dragons : 1 - Knights : 1.
4:06 of 1st period - Dominik Kahun wins face-off versus Corban Knight in neutral zone.
4:17 of 1st period - Wrist shot by Josh Bailey.
4:17 of 1st period - Shot Misses the Net.
4:19 of 1st period - Slapshot by Robert Hagg.
4:19 of 1st period - Deflect By Josh Bailey.
4:19 of 1st period - Shot Misses the Net.
4:19 of 1st period - Puck is out of play.
4:20 of 1st period - Dwight King wins face-off versus Sam Carrick in Ice Dragons zone.
4:47 of 1st period - Jordan LaVallee is hit by Robert Hagg and loses puck.
4:56 of 1st period - Snap shot by Josh Bailey.
4:56 of 1st period - Goal by Josh Bailey - Ice Dragons : 1 - Knights : 2.
4:57 of 1st period - Corban Knight wins face-off versus Brendan Gaunce in neutral zone.
5:06 of 1st period - Snap shot by Brendan Gaunce.
5:06 of 1st period - Shot Blocked by Brandon Kozun.
5:22 of 1st period - Robert Hagg is hit by Zach Trotman and loses puck.
5:52 of 1st period - Off-side.
5:53 of 1st period - Dwight King wins face-off versus Corban Knight in neutral zone.
6:18 of 1st period - Vince Hinostroza is hit by Kevin Connauton and loses puck.
6:46 of 1st period - Wrist shot by Nathan Walker.
6:46 of 1st period - Shot Misses the Net.
7:05 of 1st period - Off-side.
7:06 of 1st period - Corban Knight wins face-off versus Dominik Kahun in neutral zone.
8:35 of 1st period - Snap shot by Corban Knight.
8:35 of 1st period - Stopped by Elvis Merzlikins with a rebound.
9:17 of 1st period - Wrist shot by Josh Bailey.
9:17 of 1st period - Deflect By Corban Knight.
9:17 of 1st period - Shot Blocked by Zach Trotman.
9:17 of 1st period - Puck is out of play.
9:18 of 1st period - Linden Vey wins face-off versus Sam Carrick in Ice Dragons zone.
10:38 of 1st period - Off-side.
10:39 of 1st period - Miro Aaltonen wins face-off versus Emil Pettersson in neutral zone.
11:04 of 1st period - Troy Stetcher is hit by Alex Plante and loses puck.
11:13 of 1st period - Snap shot by Linden Vey.
11:13 of 1st period - Shot Misses the Net.
11:46 of 1st period - Snap shot by Miro Aaltonen.
11:46 of 1st period - Shot Misses the Net.
12:04 of 1st period - Troy Stetcher is hit by Sam Carrick.
13:28 of 1st period - Corban Knight is hit by Nicolas Petan and loses puck.
13:41 of 1st period - Vince Hinostroza is hit by Chris Wagner and loses puck.
13:56 of 1st period - Jerome Gauthier-Leduc is hit by Dwight King and loses puck.
14:07 of 1st period - Jerome Gauthier-Leduc is hit by Robert Hagg.
14:11 of 1st period - Jordan Martinook is hit by William Carrier and loses puck.
14:53 of 1st period - Adam Clendening is hit by Vince Hinostroza and loses puck.
15:26 of 1st period - David Shields is hit by Troy Stetcher and loses puck.
15:41 of 1st period - Wrist shot by Chris Wagner.
15:41 of 1st period - Shot Blocked by Josh Bailey.
16:05 of 1st period - Nikolaj Ehlers is hit by Corban Knight and loses puck.
16:38 of 1st period - Wrist shot by Linden Vey.
16:38 of 1st period - Shot Misses the Net.
16:40 of 1st period - Wrist shot by Dwight King.
16:40 of 1st period - Stopped by Chet Pickard with a rebound.
17:02 of 1st period - Tony DeAngelo is hit by Zach Trotman and loses puck.
17:13 of 1st period - Ludwig Bystrom is hit by Corban Knight.
17:43 of 1st period - Wrist shot by Theodor Blueger.
17:43 of 1st period - Stopped by Elvis Merzlikins with a rebound.
17:53 of 1st period - Kevin Connauton is hit by Ludwig Bystrom and loses puck.
18:04 of 1st period - Slapshot by Brendan Gaunce.
18:04 of 1st period - Stopped by Chet Pickard with a rebound.
18:06 of 1st period - Slapshot by Troy Stetcher.
18:06 of 1st period - Stopped by Chet Pickard without a rebound.
18:07 of 1st period - Miro Aaltonen wins face-off versus Corban Knight in Ice Dragons zone.
18:37 of 1st period - Wrist shot by Logan MacMillan.
18:37 of 1st period - Shot Misses the Net.
18:39 of 1st period - Slapshot by Adam Clendening.
18:39 of 1st period - Shot Misses the Net.
18:41 of 1st period - Slapshot by Chris Wagner.
18:41 of 1st period - Shot Misses the Net.
18:43 of 1st period - Slapshot by Adam Clendening.
18:43 of 1st period - Shot Blocked by Linden Vey.
18:45 of 1st period - Slapshot by Alex Plante.
18:45 of 1st period - Deflect By Linden Vey.
18:45 of 1st period - Stopped by Elvis Merzlikins with a rebound.
19:01 of 1st period - Snap shot by Juho Lammikko.
19:01 of 1st period - Stopped by Elvis Merzlikins without a rebound.
19:02 of 1st period - Theodor Blueger wins face-off versus Miro Aaltonen in Knights zone.
Goals for this period are 1 for Ice Dragons vs 2 for Knights.
Shots for this period are 6 for Ice Dragons vs 8 for Knights.
2nd period
0:01 of 2nd period - Jordan LaVallee wins face-off versus Miro Aaltonen in neutral zone.
0:06 of 2nd period - Wrist shot by Jordan LaVallee.
0:06 of 2nd period - Stopped by Elvis Merzlikins with a rebound.
0:08 of 2nd period - Minor Penalty to Troy Stetcher for Roughing.
0:09 of 2nd period - Corban Knight wins face-off versus Miro Aaltonen in Knights zone.
0:12 of 2nd period - Snap shot by Jordan LaVallee.
0:12 of 2nd period - Shot Misses the Net.
0:50 of 2nd period - Tony DeAngelo is hit by Sam Carrick and loses puck.
1:06 of 2nd period - Adam Clendening is hit by Tony DeAngelo and loses puck.
1:31 of 2nd period - Vince Hinostroza is hit by Sam Carrick.
1:49 of 2nd period - Wrist shot by Brendan Gaunce.
1:49 of 2nd period - Shot Blocked by Kevin Connauton.
2:07 of 2nd period - Wrist shot by Billy Sweat.
2:07 of 2nd period - Stopped by Elvis Merzlikins without a rebound.
2:08 of 2nd period - Penalty to Troy Stetcher is over, Troy Stetcher is back on ice.
2:08 of 2nd period - Jordan LaVallee wins face-off versus Brendan Gaunce in Knights zone.
2:45 of 2nd period - Snap shot by Emil Pettersson.
2:45 of 2nd period - Stopped by Elvis Merzlikins with a rebound.
3:16 of 2nd period - Vladislav Gavrikov is hit by David Shields and loses puck.
3:47 of 2nd period - Wrist shot by Brendan Gaunce.
3:47 of 2nd period - Stopped by Chet Pickard with a rebound.
3:51 of 2nd period - Slapshot by Dwight King.
3:51 of 2nd period - Stopped by Chet Pickard without a rebound.
3:52 of 2nd period - Emil Pettersson wins face-off versus Brendan Gaunce in Ice Dragons zone.
3:52 of 2nd period - Emil Pettersson is hit by Dwight King.
4:42 of 2nd period - Zach Trotman is hit by Dwight King and loses puck.
4:59 of 2nd period - Backhand shot by Miro Aaltonen.
4:59 of 2nd period - Stopped by Chet Pickard without a rebound.
5:00 of 2nd period - Miro Aaltonen wins face-off versus Corban Knight in Ice Dragons zone.
5:09 of 2nd period - Backhand shot by Jordan LaVallee.
5:09 of 2nd period - Shot Misses the Net.
5:43 of 2nd period - Wrist shot by Vince Hinostroza.
5:43 of 2nd period - Shot Misses the Net.
5:45 of 2nd period - Slapshot by Robert Hagg.
5:45 of 2nd period - Shot Misses the Net.
5:57 of 2nd period - Slapshot by Corban Knight.
5:57 of 2nd period - Deflect By Vince Hinostroza.
5:57 of 2nd period - Stopped by Elvis Merzlikins with a rebound.
5:59 of 2nd period - Snap shot by Jordan LaVallee.
5:59 of 2nd period - Goal by Jordan LaVallee - Ice Dragons : 2 - Knights : 2.
6:00 of 2nd period - Sam Carrick wins face-off versus Brendan Gaunce in neutral zone.
6:15 of 2nd period - Wrist shot by Billy Sweat.
6:15 of 2nd period - Shot Misses the Net.
6:34 of 2nd period - Slapshot by Chris Wagner.
6:34 of 2nd period - Stopped by Elvis Merzlikins with a rebound.
6:46 of 2nd period - Snap shot by Nathan Walker.
6:46 of 2nd period - Deflect By Theodor Blueger.
6:46 of 2nd period - Goal by Nathan Walker - Ice Dragons : 2 - Knights : 3.
6:47 of 2nd period - Miro Aaltonen wins face-off versus Corban Knight in neutral zone.
7:13 of 2nd period - Vladislav Gavrikov is hit by Billy Sweat and loses puck.
7:43 of 2nd period - Slapshot by Tony DeAngelo.
7:43 of 2nd period - Stopped by Chet Pickard without a rebound.
7:44 of 2nd period - Jordan LaVallee wins face-off versus Miro Aaltonen in Ice Dragons zone.
7:55 of 2nd period - Snap shot by Miro Aaltonen.
7:55 of 2nd period - Shot Hit the Post.
8:05 of 2nd period - Minor Penalty to Zach Trotman for Tripping.
8:06 of 2nd period - Miro Aaltonen wins face-off versus Corban Knight in Ice Dragons zone.
8:36 of 2nd period - Off-side.
8:37 of 2nd period - Corban Knight wins face-off versus Miro Aaltonen in neutral zone.
10:05 of 2nd period - Penalty to Zach Trotman is over, Zach Trotman is back on ice.
10:16 of 2nd period - Theodor Blueger is hit by Ludwig Bystrom and loses puck.
10:48 of 2nd period - Off-side.
10:49 of 2nd period - Miro Aaltonen wins face-off versus Sam Carrick in neutral zone.
10:51 of 2nd period - Off-side.
10:52 of 2nd period - Sam Carrick wins face-off versus Miro Aaltonen in neutral zone.
10:54 of 2nd period - Off-side.
10:55 of 2nd period - Sam Carrick wins face-off versus Miro Aaltonen in neutral zone.
12:07 of 2nd period - Slapshot by Robert Hagg.
12:07 of 2nd period - Stopped by Chet Pickard with a rebound.
12:15 of 2nd period - Nicolas Petan is hit by Alex Plante and loses puck.
12:44 of 2nd period - Miro Aaltonen is hit by Billy Sweat and loses puck.
12:55 of 2nd period - Slapshot by Billy Sweat.
12:55 of 2nd period - Stopped by Elvis Merzlikins without a rebound.
12:56 of 2nd period - Brendan Gaunce wins face-off versus Corban Knight in Knights zone.
13:12 of 2nd period - Wrist shot by Brendan Gaunce.
13:12 of 2nd period - Stopped by Chet Pickard without a rebound.
13:13 of 2nd period - Nikolaj Ehlers wins face-off versus Sam Carrick in Ice Dragons zone.
13:39 of 2nd period - Ludwig Bystrom is hit by Kevin Connauton and loses puck.
14:46 of 2nd period - Zach Trotman is hit by Vince Hinostroza and loses puck.
15:05 of 2nd period - Snap shot by Corban Knight.
15:05 of 2nd period - Stopped by Elvis Merzlikins without a rebound.
15:06 of 2nd period - Brendan Gaunce wins face-off versus Corban Knight in Knights zone.
15:13 of 2nd period - Brandon Kozun is hit by Vladislav Gavrikov and loses puck.
15:42 of 2nd period - Snap shot by Sam Carrick.
15:42 of 2nd period - Stopped by Elvis Merzlikins without a rebound.
15:43 of 2nd period - Corban Knight wins face-off versus Brendan Gaunce in Knights zone.
16:36 of 2nd period - Snap shot by Logan MacMillan.
16:36 of 2nd period - Stopped by Elvis Merzlikins with a rebound.
16:38 of 2nd period - Wrist shot by Chris Wagner.
16:38 of 2nd period - Shot Blocked by Troy Stetcher.
16:50 of 2nd period - Wrist shot by Nicolas Petan.
16:50 of 2nd period - Stopped by Chet Pickard with a rebound.
16:52 of 2nd period - Slapshot by Robert Hagg.
16:52 of 2nd period - Stopped by Chet Pickard without a rebound.
16:53 of 2nd period - Corban Knight wins face-off versus Nathan Walker in Ice Dragons zone.
17:06 of 2nd period - Snap shot by Jordan LaVallee.
17:06 of 2nd period - Shot Misses the Net.
17:08 of 2nd period - Minor Penalty to Ludwig Bystrom for Roughing.
17:09 of 2nd period - Miro Aaltonen wins face-off versus Corban Knight in Knights zone.
17:38 of 2nd period - Snap shot by Sam Carrick.
17:38 of 2nd period - Stopped by Elvis Merzlikins without a rebound.
17:39 of 2nd period - Sam Carrick wins face-off versus Miro Aaltonen in Knights zone.
18:12 of 2nd period - Slapshot by Jordan LaVallee.
18:12 of 2nd period - Shot Misses the Net.
18:14 of 2nd period - Snap shot by Brandon Kozun.
18:14 of 2nd period - Deflect By Corban Knight.
18:14 of 2nd period - Stopped by Elvis Merzlikins with a rebound.
18:27 of 2nd period - Icing by Kevin Connauton.
18:28 of 2nd period - Miro Aaltonen wins face-off versus Brandon Kozun in Ice Dragons zone.
18:43 of 2nd period - Slapshot by Zach Trotman.
18:43 of 2nd period - Goal by Zach Trotman - Ice Dragons : 3 - Knights : 3.
18:44 of 2nd period - Corban Knight wins face-off versus Brendan Gaunce in neutral zone.
19:29 of 2nd period - Off-side.
19:30 of 2nd period - Logan MacMillan wins face-off versus Nicolas Petan in neutral zone.
Goals for this period are 2 for Ice Dragons vs 1 for Knights.
Shots for this period are 13 for Ice Dragons vs 9 for Knights.
3rd period
0:01 of 3rd period - Miro Aaltonen wins face-off versus Corban Knight in neutral zone.
0:35 of 3rd period - Backhand shot by Billy Sweat.
0:35 of 3rd period - Stopped by Elvis Merzlikins with a rebound.
0:47 of 3rd period - Snap shot by Josh Bailey.
0:47 of 3rd period - Shot Blocked by Jerome Gauthier-Leduc.
0:49 of 3rd period - Slapshot by Alexandre Carrier.
0:49 of 3rd period - Stopped by Chet Pickard with a rebound.
0:57 of 3rd period - Ludwig Bystrom is hit by Chris Wagner and loses puck.
1:08 of 3rd period - Minor Penalty to Emil Pettersson for Hooking.
1:09 of 3rd period - Miro Aaltonen wins face-off versus Corban Knight in Ice Dragons zone.
1:22 of 3rd period - Snap shot by Corban Knight.
1:22 of 3rd period - Stopped by Elvis Merzlikins without a rebound.
1:23 of 3rd period - Corban Knight wins face-off versus Miro Aaltonen in Knights zone.
1:24 of 3rd period - Slapshot by Jordan LaVallee.
1:24 of 3rd period - Stopped by Elvis Merzlikins without a rebound.
1:25 of 3rd period - Miro Aaltonen wins face-off versus Corban Knight in Knights zone.
1:40 of 3rd period - Snap shot by Jordan LaVallee.
1:40 of 3rd period - Stopped by Elvis Merzlikins with a rebound.
2:06 of 3rd period - Wrist shot by Billy Sweat.
2:06 of 3rd period - Shot Blocked by Brendan Gaunce.
2:08 of 3rd period - Slapshot by David Shields.
2:08 of 3rd period - Stopped by Elvis Merzlikins with a rebound.
2:10 of 3rd period - Snap shot by Billy Sweat.
2:10 of 3rd period - Goal by Billy Sweat - Ice Dragons : 4 - Knights : 3.
2:11 of 3rd period - Miro Aaltonen wins face-off versus Corban Knight in neutral zone.
2:18 of 3rd period - Slapshot by Ludwig Bystrom.
2:18 of 3rd period - Deflect By Zach Trotman.
2:18 of 3rd period - Stopped by Chet Pickard without a rebound.
2:19 of 3rd period - Corban Knight wins face-off versus Miro Aaltonen in Ice Dragons zone.
3:08 of 3rd period - Penalty to Emil Pettersson is over, Emil Pettersson is back on ice.
3:10 of 3rd period - Snap shot by Billy Sweat.
3:10 of 3rd period - Stopped by Elvis Merzlikins without a rebound.
3:11 of 3rd period - Sam Carrick wins face-off versus Dominik Kahun in Knights zone.
3:24 of 3rd period - Snap shot by Billy Sweat.
3:24 of 3rd period - Shot Blocked by Josh Bailey.
3:26 of 3rd period - Slapshot by Alex Plante.
3:26 of 3rd period - Deflect By Jordan Martinook.
3:26 of 3rd period - Stopped by Elvis Merzlikins with a rebound.
4:01 of 3rd period - Kevin Connauton is hit by Nikolaj Ehlers and loses puck.
4:08 of 3rd period - Snap shot by Emil Pettersson.
4:08 of 3rd period - Stopped by Elvis Merzlikins with a rebound.
4:38 of 3rd period - Wrist shot by Nathan Walker.
4:38 of 3rd period - Deflect By Nicolas Petan.
4:38 of 3rd period - Shot Misses the Net.
4:38 of 3rd period - Puck is out of play.
4:39 of 3rd period - Sam Carrick wins face-off versus Nicolas Petan in Ice Dragons zone.
5:26 of 3rd period - Snap shot by Dwight King.
5:26 of 3rd period - Shot Blocked by Adam Clendening.
5:28 of 3rd period - Wrist shot by Dwight King.
5:28 of 3rd period - Shot Blocked by Chris Wagner.
5:30 of 3rd period - Snap shot by Linden Vey.
5:30 of 3rd period - Shot Blocked by Adam Clendening.
5:34 of 3rd period - Snap shot by Dwight King.
5:34 of 3rd period - Stopped by Chet Pickard with a rebound.
5:36 of 3rd period - Snap shot by Brendan Gaunce.
5:36 of 3rd period - Shot Blocked by Alex Plante.
5:52 of 3rd period - Snap shot by Jordan Martinook.
5:52 of 3rd period - Shot Misses the Net.
5:54 of 3rd period - Wrist shot by Dominik Kahun.
5:54 of 3rd period - Stopped by Chet Pickard without a rebound.
5:55 of 3rd period - Corban Knight wins face-off versus Miro Aaltonen in Ice Dragons zone.
6:26 of 3rd period - Wrist shot by Sam Carrick.
6:26 of 3rd period - Shot Misses the Net.
7:10 of 3rd period - Snap shot by William Carrier.
7:10 of 3rd period - Stopped by Elvis Merzlikins without a rebound.
7:11 of 3rd period - Corban Knight wins face-off versus Miro Aaltonen in Knights zone.
7:24 of 3rd period - Slapshot by Brandon Kozun.
7:24 of 3rd period - Stopped by Elvis Merzlikins without a rebound.
7:25 of 3rd period - Linden Vey wins face-off versus Corban Knight in Knights zone.
8:23 of 3rd period - Snap shot by Theodor Blueger.
8:23 of 3rd period - Stopped by Elvis Merzlikins with a rebound.
9:21 of 3rd period - Slapshot by Zach Trotman.
9:21 of 3rd period - Shot Blocked by Troy Stetcher.
9:23 of 3rd period - Snap shot by Justin Shugg.
9:23 of 3rd period - Stopped by Elvis Merzlikins with a rebound.
9:37 of 3rd period - Snap shot by Dwight King.
9:37 of 3rd period - Shot Blocked by David Shields.
9:39 of 3rd period - Slapshot by Dwight King.
9:39 of 3rd period - Shot Misses the Net.
9:41 of 3rd period - Wrist shot by Brendan Gaunce.
9:41 of 3rd period - Stopped by Chet Pickard without a rebound.
9:42 of 3rd period - Miro Aaltonen wins face-off versus Corban Knight in Ice Dragons zone.
10:07 of 3rd period - Vladislav Gavrikov is hit by Billy Sweat and loses puck.
11:01 of 3rd period - Off-side.
11:02 of 3rd period - Corban Knight wins face-off versus Miro Aaltonen in neutral zone.
11:05 of 3rd period - Slapshot by Adam Clendening.
11:05 of 3rd period - Stopped by Elvis Merzlikins without a rebound.
11:06 of 3rd period - Corban Knight wins face-off versus Vince Hinostroza in Knights zone.
11:13 of 3rd period - Slapshot by Vince Hinostroza.
11:13 of 3rd period - Deflect By Nikolaj Ehlers.
11:13 of 3rd period - Shot Misses the Net.
11:13 of 3rd period - Puck is out of play.
11:14 of 3rd period - Corban Knight wins face-off versus Miro Aaltonen in Ice Dragons zone.
11:14 of 3rd period - Corban Knight is hit by Vince Hinostroza.
11:20 of 3rd period - Tony DeAngelo is hit by Corban Knight.
11:28 of 3rd period - Wrist shot by Miro Aaltonen.
11:28 of 3rd period - Shot Blocked by Zach Trotman.
11:50 of 3rd period - Snap shot by Chris Wagner.
11:50 of 3rd period - Shot Blocked by Vince Hinostroza.
11:52 of 3rd period - Snap shot by Alex Plante.
11:52 of 3rd period - Stopped by Elvis Merzlikins without a rebound.
11:53 of 3rd period - Brendan Gaunce wins face-off versus Corban Knight in Knights zone.
11:55 of 3rd period - Minor Penalty to Linden Vey for Holding.
11:56 of 3rd period - Miro Aaltonen wins face-off versus Corban Knight in Knights zone.
11:56 of 3rd period - Miro Aaltonen is hit by Jordan LaVallee.
12:09 of 3rd period - Wrist shot by Corban Knight.
12:09 of 3rd period - Shot Misses the Net.
13:48 of 3rd period - Alex Plante is hit by Josh Bailey and loses puck.
13:53 of 3rd period - Slapshot by Dwight King.
13:53 of 3rd period - Shot Misses the Net.
13:55 of 3rd period - Penalty to Linden Vey is over, Linden Vey is back on ice.
13:55 of 3rd period - Snap shot by Josh Bailey.
13:55 of 3rd period - Shot Blocked by Alex Plante.
13:57 of 3rd period - Wrist shot by Linden Vey.
13:57 of 3rd period - Stopped by Chet Pickard without a rebound.
13:58 of 3rd period - Nicolas Petan wins face-off versus Logan MacMillan in Ice Dragons zone.
14:03 of 3rd period - Wrist shot by Nikolay Goldobin.
14:03 of 3rd period - Stopped by Chet Pickard with a rebound.
14:07 of 3rd period - Slapshot by Nathan Walker.
14:07 of 3rd period - Stopped by Chet Pickard with a rebound.
14:09 of 3rd period - Slapshot by Alexandre Carrier.
14:09 of 3rd period - Stopped by Chet Pickard with a rebound.
14:11 of 3rd period - Slapshot by Nathan Walker.
14:11 of 3rd period - Stopped by Chet Pickard without a rebound.
14:12 of 3rd period - Brendan Gaunce wins face-off versus Corban Knight in Ice Dragons zone.
15:02 of 3rd period - Wrist shot by Dominik Kahun.
15:02 of 3rd period - Stopped by Chet Pickard with a rebound.
15:04 of 3rd period - Snap shot by Josh Bailey.
15:04 of 3rd period - Stopped by Chet Pickard without a rebound.
15:05 of 3rd period - Dominik Kahun wins face-off versus Brandon Kozun in Ice Dragons zone.
15:08 of 3rd period - Backhand shot by Jordan Martinook.
15:08 of 3rd period - Shot Misses the Net.
15:38 of 3rd period - Snap shot by Logan MacMillan.
15:38 of 3rd period - Deflect By Chris Wagner.
15:38 of 3rd period - Stopped by Elvis Merzlikins with a rebound.
15:48 of 3rd period - Slapshot by Billy Sweat.
15:48 of 3rd period - Stopped by Elvis Merzlikins with a rebound.
15:50 of 3rd period - Snap shot by Justin Shugg.
15:50 of 3rd period - Goal by Justin Shugg - Ice Dragons : 5 - Knights : 3.
15:51 of 3rd period - Nikolaj Ehlers wins face-off versus Corban Knight in neutral zone.
16:16 of 3rd period - Dwight King is hit by Chris Wagner and loses puck.
16:37 of 3rd period - Wrist shot by Troy Stetcher.
16:37 of 3rd period - Shot Misses the Net.
17:01 of 3rd period - Snap shot by Nikolaj Ehlers.
17:01 of 3rd period - Stopped by Chet Pickard with a rebound.
17:03 of 3rd period - Slapshot by Tony DeAngelo.
17:03 of 3rd period - Stopped by Chet Pickard without a rebound.
17:04 of 3rd period - Corban Knight wins face-off versus Miro Aaltonen in Ice Dragons zone.
17:11 of 3rd period - Snap shot by Brandon Kozun.
17:11 of 3rd period - Stopped by Elvis Merzlikins with a rebound.
17:17 of 3rd period - Wrist shot by Miro Aaltonen.
17:17 of 3rd period - Shot Hit the Post.
17:19 of 3rd period - Slapshot by Tony DeAngelo.
17:19 of 3rd period - Deflect By Vince Hinostroza.
17:19 of 3rd period - Stopped by Chet Pickard with a rebound.
18:40 of 3rd period - David Shields is hit by Dominik Kahun and loses puck.
18:49 of 3rd period - Snap shot by Jordan Martinook.
18:49 of 3rd period - Shot Misses the Net.
18:51 of 3rd period - Wrist shot by Dominik Kahun.
18:51 of 3rd period - Stopped by Chet Pickard with a rebound.
18:53 of 3rd period - Slapshot by Josh Bailey.
18:53 of 3rd period - Goal by Josh Bailey - Ice Dragons : 5 - Knights : 4.
18:54 of 3rd period - Corban Knight wins face-off versus Miro Aaltonen in neutral zone.
19:04 of 3rd period - Knights, Elvis Merzlikins is pulled from the net.
19:08 of 3rd period - Snap shot by Nikolaj Ehlers.
19:08 of 3rd period - Goal by Nikolaj Ehlers - Ice Dragons : 5 - Knights : 5.
19:08 of 3rd period - Elvis Merzlikins from Knights was sent back in the game.
19:09 of 3rd period - Dominik Kahun wins face-off versus Emil Pettersson in neutral zone.
19:11 of 3rd period - Off-side.
19:12 of 3rd period - Emil Pettersson wins face-off versus Dominik Kahun in neutral zone.
19:27 of 3rd period - Slapshot by Troy Stetcher.
19:27 of 3rd period - Deflect By Jordan Martinook.
19:27 of 3rd period - Goal by Jordan Martinook - Ice Dragons : 5 - Knights : 6.
19:28 of 3rd period - Miro Aaltonen wins face-off versus Corban Knight in neutral zone.
19:47 of 3rd period - Ice Dragons, Chet Pickard is pulled from the net.
Goals for this period are 2 for Ice Dragons vs 3 for Knights.
Shots for this period are 19 for Ice Dragons vs 19 for Knights.
Output by the SimonT Hockey Simulator (STHS) for Francois Prevost